 Dungeon Crawl Stone Soup version 0.30.1-11-g7821555f0a (webtiles) character file.

Game seed: 9650636254011081345

102 porpoise the Shooter (level 4, -3/40 HPs)
             Began as a Minotaur Hunter on Jan 12, 2024.
             Slain by an orc
             ... wielding a +0 war axe
              (9 damage)
             ... on level 2 of the Dungeon.
             The game lasted 00:05:02 (1795 turns).

porpoise the Shooter (Minotaur Hunter)              Turns: 1795, Time: 00:05:02

Health: -3/40      AC:  5    Str: 16    XL:     4   Next: 50%
Magic:  3/3        EV: 11    Int:  6    God:
Gold:   75         SH:  0    Dex: 15    Spells: 3/3 levels left

rFire   . . .        a - +0 shortbow
rCold   . . .        (shield currently unavailable)
rNeg    . . .        j - +0 ring mail
rPois   .            (helmet restricted)
rElec   .            (no cloak)
rCorr   .            (no gloves)
SInv    .            (no boots)
Will    .....        (no amulet)
Stlth   +            (no ring)
HPRegen 0.26/turn    (no ring)
MPRegen 0.08/turn

%: no passive effects
@: no status effects
A: horns 2, retaliatory headbutt
a: no special abilities


You were on level 2 of the Dungeon.
You visited 1 branch of the dungeon, and saw 3 of its levels.

You collected 75 gold pieces.

Inventory:

Hand Weapons
 a - a +0 shortbow (weapon)
 b - a +2 short sword of venom
Missiles
 f - 4 poisoned darts
 m - a throwing net
Armour
 j - a +0 ring mail (worn)
Jewellery
 k - an amulet of magic regeneration
Scrolls
 c - a scroll of teleportation {unknown}
 h - a scroll of immolation
 o - a scroll of fog {unknown}
 p - a scroll of blinking {unknown}
Potions
 d - a potion of heal wounds
 e - 2 potions of mutation
 g - a potion of degeneration {unknown}
 i - a potion of lignification {unknown}
 l - a potion of attraction {unknown}
 n - a potion of haste {unknown}
 q - 2 potions of curing {unknown}


   Skills:
 + Level 4.1 Fighting
 + Level 5.4 Ranged Weapons
 - Level 2.0 Armour
 - Level 2.1 Dodging
 - Level 0.7 Stealth


You had 3 spell levels left.
You didn't know any spells.
Your spell library was empty.

Dungeon Overview and Level Annotations

Branches:
Dungeon (3/15)

Altars:

Shops:
D:1 :


Innate Abilities, Weirdness & Mutations

You have a pair of horns on your head.
You reflexively headbutt those who attack you in melee.


Message History

You climb downwards.
The orc shouts!
The endoplasm quivers.
The goblin shouts!
You hear a shout!
Found a robe.
There is a stone staircase leading up here.
There are monsters nearby!
The endoplasm barely misses you. You furiously retaliate!
You headbutt the endoplasm!
You kill the endoplasm!
You climb upwards.
There is a stone staircase leading down here.
No target in view!
No target in view!
You climb downwards.
The goblin hits you but does no damage.
There is a stone staircase leading up here.
The goblin hits you with a +0 club. The orc hits you with a +0 war axe.
You climb upwards.
There is a stone staircase leading down here.
You shoot an arrow.
The arrow hits the orc but does no damage.
The goblin hits you but does no damage. The orc closely misses you.
You shoot an arrow.
The arrow hits the orc but does no damage.
The goblin hits you with a +0 club. The orc hits you with a +0 war axe.
The goblin barely misses you. The orc barely misses you.
You shoot an arrow. The arrow closely misses the orc.
The goblin hits you with a +0 club. The orc hits you with a +0 war axe!
You are too injured to fight recklessly!
You are too injured to fight recklessly!
You are too injured to fight recklessly!
You shoot an arrow. The arrow hits the orc.
The orc is heavily wounded.
The goblin hits you but does no damage. The orc misses you.
You shoot an arrow. The arrow hits the orc.
The orc is severely wounded.
The orc hits you with a +0 war axe!
* * * LOW HITPOINT WARNING * * *
The goblin closely misses you. The orc hits you with a +0 war axe!
You die...

.......#..........####
#..........#####'##
#..........#####.#
#.#..)...........#############
#.#.###......................#
#.#.# #.........############.#
#.#)############# #.#
#.#.#.........#### #.#
....)..........o@###########.#
#.#...........##.g...........#
#.###.........################
#.# #..............# #.#
###+#..#######.# #.#####....#
#...#.# #..........# #.#.#.#
..######...# #.#.#.# ..#
##...# #.#.#.#


You could see an orc and a goblin.

Vanquished Creatures
  3 gnolls (D:2)
  3 adders (D:2)
  6 endoplasms
  2 giant cockroaches (D:1)
  4 goblins
  4 hobgoblins
  4 jackals (D:1)
  5 kobolds
  A quokka (D:1)
  5 ball pythons
  A bat (D:2)
  4 frilled lizards
  4 rats (D:1)
46 creatures vanquished.

Notes
Turn   | Place    | Note
-------+----------+-------------------------------------------
     0 | D:1      | porpoise the Minotaur Hunter began the quest for the Orb.
     0 | D:1      | Reached XP level 1. HP: 18/18 MP: 0/0
   183 | D:1      | Found a faded altar of an unknown god.
   188 | D:1      | Reached XP level 2. HP: 25/25 MP: 1/1
   556 | D:1      | Found Fuogifuo's Book Shoppe.
   710 | D:1      | Reached skill level 5 in Ranged Weapons
   798 | D:1      | Reached XP level 3. HP: 31/31 MP: 2/2
   846 | D:2      | HP: 1/31 [gnoll/+0 flail (6)]
  1003 | D:2      | Reached skill level 1 in Armour
  1150 | D:2      | Reached XP level 4. HP: 33/40 MP: 3/3
  1795 | D:2      | Slain by an orc

Illustrated notes

Levels and vault maps discovered:
D:1:      dpeg_arrival_simpleton_a, layout_loops_ring,
          shapermc_ecumenical_altar_starsandcircs, serial_shops,
          nicolae_shop_rolling_square, eino_curves_01, minmay_misc_feat_five
D:2:      layout_basic
D:3:      layout_rooms, gammafunk_ghost_mausoleum, uniq_ijyb, uniq_grinder,
          uniq_crazy_yiuf_cottage

Skill      XL: |  1  2  3  4 |
---------------+-------------+-----
Fighting       | 3 4 |  4.1
Ranged Weapons | 5 |  5.4
Armour         | 1 2 |  2.0
Dodging        | |  2.1
Stealth        | |  0.7

Action                     |  1- 3 |  4- 6 || total
---------------------------+-------+-------++-------
  Melee: Short sword       |     9 |     1 ||    10
         Headbutt          |     1 |       ||     1
   Fire: Shortbow          |   100 |    37 ||   137
    Use: Scroll            |     2 |       ||     2
 Armour: Leather armour    |     9 |       ||     9
         Ring mail         |     7 |     7 ||    14
  Dodge: Dodged            |    21 |    14 ||    35
